cohdb
Replays
Latest Replays
All Replays
Popular Replays
Top Player Replays
Match Explorer
How It Works
Community
CoH3 Stats
Reddit
Sign in to upload your games and track your stats! →
Sign in with Steam
Match 35324881
Unlisted
Match 35324881
Overview
Messages
Build Orders
End
Selects Airborne Battlegroup
Selects Pathfinders
Construct Weapon Support Center
Pathfinder Squad
M1919 Machine Gun Team
Bazooka Squad
Mechanized Support Center
Sniper
Engineer Squad
Selects Paratrooper Squad Paradrop
Paratrooper Squad Paradrop
Improved M9 Bazooka Rockets
Selects Anti-tank Gun Team Paradrop
Anti-tank Gun Team Paradrop
Construct Medical Station
.30 cal Machine Gun
Selects Smoke Bombing Run
Selects Supply Drop
Selects Carpet Bombing Run
Construct Tank Depot
M3 Armored Personnel Carrier
Anti-tank Gun Team Paradrop
Smoke Bombing Run
M4(105) Sherman Bulldozer
AI Takeover
SosigWaffe
Ganjaraw
Korzhik
Sir Toady
s73r01d
Tengu
0
0
Comments
sign in to comment!
No comments posted yet!